[Event "SVK-ch Open 2018"]
[Site "Banska Stiavnica"]
[Date "2018.07.14"]
[Round "8"]
[White "Mrvova, Alena"]
[Black "Milcova, Zuzana"]
[Result "1-0"]
[ECO "B01"]
[WhiteElo "2202"]
[BlackElo "2002"]
[Annotator "NA"]
[PlyCount "155"]
[EventDate "2018.07.07"]
[EventType "swiss"]
[EventCountry "SVK"]
[SourceTitle "playchess.com"]
[Source "ChessBase"]
[SourceQuality "1"]
[TimeControl "40/5400+30:1800+30"]

1. e4 d5 2. exd5 Nf6 3. d4 Nxd5 4. c4 Nb6 5. Nc3 e5 6. d5 Bb4 {[%emt 0:01:34] LiveBook: 20 Partien} 7. Bd2 {[%emt 0:03:37] B01: Scandinavian Defence} (7. Nf3 O-O 8. Be2 e4 9. Nd4 c6 10. O-O cxd5 11. cxd5 Bxc3 12. bxc3 Qxd5 13. Nb5 Na6 14. c4 Qxd1 15. Rxd1 {1-0 (41) Paveto,K (2417)-Boissonet,C (2430) Villa Martelli 2015}) 7... O-O 8. a3 Bxc3 9. Bxc3 a5 $146 ({Predecessor:} 9... Re8 10. Be2 Bf5 11. Nf3 N8d7 12. O-O Nc8 13. b4 b6 14. Re1 Nd6 {1-0 (67) Hajas,L (1996)-Milcova,Z (1841) Slovakia 2008}) 10. Be2 Re8 11. Nf3 Bg4 12. Nd2 Bxe2 13. Qxe2 Na4 14. Rc1 c6 15. dxc6 Nxc6 16. O-O Nd4 17. Qd1 Nxc3 18. bxc3 Nf5 19. Ne4 Qc7 20. c5 Re6 21. Qf3 Nh4 22. Qg3 Nxg2 23. Qxg2 Rg6 24. Ng3 Qxc5 25. Qxb7 Rf8 26. Kh1 f5 27. Rcd1 Kh8 28. Qd5 Qxc3 29. Rd3 Qc8 30. Qxe5 f4 31. Ne4 Qg4 32. Ng3 fxg3 33. Rxg3 Qe6 34. Qxa5 Qe4+ 35. Kg1 h6 36. Qc5 Rxg3+ 37. hxg3 Rf5 38. Qe3 Qg4 39. f4 Rh5 40. Qf3 Qh3 41. Qg2 Qc8 42. Qf3 Rb5 43. Rd1 Rb2 44. Qd5 Qg4 45. Qd8+ Kh7 46. Qd3+ Qg6 (46... Kh8 $1 $11) 47. Qxg6+ Kxg6 48. Ra1 Kf5 {[%emt 0:03:26] [#]} 49. a4 $1 Kg4 50. Ra3 Rb6 51. a5 Ra6 52. Kg2 g6 53. Ra4 h5 (53... g5 $16 {is a better defense.} 54. fxg5+ Kxg5) 54. Kf2 g5 $2 (54... Kf5 {war angesagt.} 55. Kf3 Ke6 56. Re4+ Kd5 57. Re5+ Kd4) 55. fxg5+ Kxg5 56. Kf3 $2 (56. Ke3 Kf5 57. Kd4) 56... Kf5 (56... Kf6 $142 57. Kf4 Kg6) 57. Ke3 Rg6 58. Kf2 $18 Ra6 59. Kf3 Kg5 60. Ke4 Kg4 61. Ra3 Kg5 62. Kd4 Kg4 63. Kc4 Ra8 64. Kb5 Rf8 65. a6 Rf5+ 66. Kb4 Rf7 67. Rc3 Rf8 68. Kb5 Rb8+ 69. Ka5 Re8 70. a7 Re1 71. Rb3 Re5+ 72. Ka6 Re6+ 73. Rb6 Re8 74. Rg6+ Kf5 75. Rg7 Kf6 76. Rc7 Kf5 77. Kb7 Kg4 78. Rg7+ 1-0

[Event "SVK-ch Open 2018"]
[Site "Banska Stiavnica"]
[Date "2018.07.14"]
[Round "8"]
[White "Jamrich, Gyorgy"]
[Black "Balogh, Peter"]
[Result "1/2-1/2"]
[ECO "B06"]
[WhiteElo "2200"]
[BlackElo "2097"]
[Annotator "NA"]
[PlyCount "91"]
[EventDate "2018.07.07"]
[EventType "swiss"]
[EventCountry "SVK"]
[SourceTitle "playchess.com"]
[Source "ChessBase"]
[SourceQuality "1"]
[TimeControl "40/5400+30:1800+30"]

1. e4 g6 2. d4 Bg7 3. Nc3 d6 4. f4 a6 5. a4 Nd7 6. Nf3 c5 {[%emt 0:00:23] B06: Modern Defence} (6... e6 7. a5 Ne7 8. Be2 O-O 9. O-O b5 10. axb6 cxb6 11. Bd3 Bb7 12. Ne2 e5 13. c3 d5 14. Nxe5 dxe4 {½-½ (24) Dastan,B (2480)-Sanal,V (2478) Izmir 2016}) 7. d5 Qc7 8. Bc4 Ngf6 9. O-O O-O 10. Bd2 Ne8 11. Qe2 Rb8 $146 ({Predecessor:} 11... Nb6 12. Bb3 e5 13. fxe5 dxe5 14. a5 Nd7 15. d6 Nxd6 {1-0 (24) Wrinn,S-Barry,R corr 1987}) 12. Rae1 Nb6 13. b3 Nxc4 14. bxc4 Bg4 15. h3 Bxf3 16. Rxf3 e5 17. f5 Qd7 18. g4 f6 19. Rb1 Nc7 20. Rff1 b6 21. Rb3 Rb7 22. Rfb1 Rfb8 23. Qf1 g5 24. Kh2 Kf7 25. R1b2 Bf8 26. Qb1 Na8 27. a5 $16 Be7 28. axb6 Bd8 29. Qa1 Nxb6 30. Na4 Nxc4 31. Rxb7 Rxb7 32. Rxb7 Qxb7 33. Be1 Ba5 34. Bxa5 Nxa5 35. Nxc5 Qc7 36. Ne6 Qxc2+ 37. Kg1 Nc4 38. Qxa6 Qd1+ 39. Kh2 Qe2+ 40. Kh1 Qxe4+ 41. Kh2 Qe2+ 42. Kh1 Qd1+ 43. Kh2 Qd2+ 44. Kg1 Qc1+ 45. Kh2 Qb2+ 46. Kh1 1/2-1/2

[Event "SVK-ch Open 2018"]
[Site "Banska Stiavnica"]
[Date "2018.07.14"]
[Round "8"]
[White "Lintner, Igor"]
[Black "Jablonicky, Martin"]
[Result "0-1"]
[ECO "A56"]
[WhiteElo "2173"]
[BlackElo "2360"]
[Annotator "NA"]
[PlyCount "210"]
[EventDate "2018.07.07"]
[EventType "swiss"]
[EventCountry "SVK"]
[SourceTitle "playchess.com"]
[Source "ChessBase"]
[SourceQuality "1"]
[TimeControl "40/5400+30:1800+30"]

1. d4 Nf6 2. c4 c5 3. Nf3 e6 4. Nc3 cxd4 5. Nxd4 b6 6. e4 d6 7. Be2 Bb7 8. f3 Be7 9. O-O O-O 10. Be3 a6 11. Qd2 Qc7 12. Rfc1 {[%emt 0:00:45] B41: Sicilian: Kan Variation: 5 c4} Rc8 13. Kh1 Nbd7 {[%emt 0:02:35] [#]} 14. Rab1 $146 ({Predecessor:} 14. a4 Rab8 15. b4 Qd8 16. Nb3 Ba8 17. a5 bxa5 18. Nxa5 Rxb4 19. Nb5 axb5 20. Qxb4 bxc4 21. Rxc4 {1-0 (99) Duda,J (2671)-Artemiev,V (2653) Martuni 2016}) 14... Qd8 15. Bf1 Rab8 16. Nc2 Ne5 17. b3 h5 18. Ne1 h4 19. Qf2 Ba8 20. Nd3 Ng6 21. Nf4 Nxf4 22. Bxf4 Nh5 23. Be3 Bf6 24. Na4 Rc6 25. b4 b5 26. cxb5 axb5 27. Rxc6 Bxc6 28. Rc1 Qd7 29. Nb6 Qb7 30. Qc2 Be8 31. Nc8 Be5 32. Qc7 Qxc7 33. Rxc7 d5 34. Rc5 d4 35. Bf2 f6 36. Bxh4 Bd7 37. Ne7+ Kf7 38. Nc6 Bxc6 39. Rxc6 Ra8 40. Rc2 Ra3 41. Bf2 Nf4 42. g3 Nd3 43. f4 Nxf2+ 44. Rxf2 Bd6 45. Rb2 Rc3 46. Rd2 e5 47. Bxb5 Bxb4 48. Rd3 Rc1+ 49. Kg2 Rc2+ 50. Kh1 Ke7 51. fxe5 fxe5 52. a4 Bc3 53. Rf3 Rc1+ 54. Kg2 (54. Rf1 $5 Rc2 55. Kg1 $11) 54... Re1 55. Bd3 Kd6 56. h4 Kc5 57. Rf5 Kb4 58. a5 Kxa5 59. Rxe5+ Kb4 60. Rb5+ Ka3 61. Rf5 Rd1 62. Rf3 Kb4 63. g4 Be1 64. h5 Bh4 65. Be2 ({White should play} 65. e5 $16) 65... Re1 66. Bd3 Rd1 67. Be2 Re1 68. Bd3 Bg5 69. Rf1 ({White should play} 69. Rf5 $14 Bd2 70. Rf3) 69... Re3 70. Rf3 Re1 71. Bf1 Rxe4 72. Kg3 Re1 73. Rf5 Re3+ 74. Rf3 Re7 75. Rf5 Re3+ 76. Rf3 Re1 77. Rf5 Be7 78. Rf3 Bd6+ 79. Kf2 Re4 80. g5 Bf4 81. Bd3 Be3+ $1 82. Kg3 Re5 83. Rf5 Re7 84. Ba6 Kc3 85. Rd5 Ra7 86. Bb5 Ra1 87. Kf3 Rg1 88. g6 $11 Rh1 89. Kg4 Rg1+ 90. Kf3 Rh1 91. Kg4 Rd1 92. Kf3 Rd2 93. h6 Bxh6 94. Rh5 Be3 95. Rh7 Rf2+ 96. Kg3 Rf5 97. Be8 Re5 98. Bf7 d3 99. Rxg7 d2 100. Bb3 Kxb3 101. Rd7 Bh6 102. Kf2 Kc2 103. Rc7+ Kd1 104. g7 Rf5+ 105. Kg2 Rg5+ 0-1

[Event "SVK-ch Open 2018"]
[Site "Banska Stiavnica"]
[Date "2018.07.14"]
[Round "8"]
[White "Macko, Michal"]
[Black "Petran, Peter"]
[Result "1/2-1/2"]
[ECO "B06"]
[WhiteElo "2158"]
[BlackElo "2302"]
[Annotator "NA"]
[PlyCount "63"]
[EventDate "2018.07.07"]
[EventType "swiss"]
[EventCountry "SVK"]
[SourceTitle "playchess.com"]
[Source "ChessBase"]
[SourceQuality "1"]
[TimeControl "40/5400+30:1800+30"]

1. e4 g6 2. d4 Bg7 3. Nf3 c6 4. h3 d5 5. e5 f6 6. c4 {[%emt 0:00:08] LiveBook: 7 Games} e6 7. exf6 Nxf6 8. Bd3 $11 O-O 9. O-O Nbd7 10. Ng5 Re8 11. f4 dxc4 12. Bxc4 Nb6 13. Bb3 Nbd5 14. Nc3 Qb6 15. Bc2 Nh5 16. Ne2 e5 17. fxe5 Rxe5 18. Kh2 Re7 19. g4 Qc7+ 20. Kg2 Nhf6 21. Bb3 Be6 22. Nxe6 Rxe6 23. Bf4 Qd7 24. Rf3 Kh8 25. Be5 Re7 26. Ng3 Ng8 27. Bxg7+ Kxg7 28. Qd2 Rae8 29. Qg5 Kh8 30. Bxd5 Qxd5 31. Qxd5 cxd5 32. Rc1 1/2-1/2

[Event "SVK-ch Open 2018"]
[Site "Banska Stiavnica"]
[Date "2018.07.14"]
[Round "8"]
[White "Nogrady, Vilmos"]
[Black "Polyik, Peter"]
[Result "1/2-1/2"]
[ECO "B02"]
[WhiteElo "2154"]
[BlackElo "2265"]
[Annotator "NA"]
[PlyCount "48"]
[EventDate "2018.07.07"]
[EventType "swiss"]
[EventCountry "SVK"]
[SourceTitle "playchess.com"]
[Source "ChessBase"]
[SourceQuality "1"]
[TimeControl "40/5400+30:1800+30"]

1. e4 Nf6 2. Nc3 d5 3. e5 Ne4 4. Nxe4 dxe4 5. d4 exd3 $14 {[%emt 0:01:27] LiveBook: 12 Partien} 6. Bxd3 Nc6 7. Bf4 Qd5 8. Qf3 Qa5+ 9. c3 Nxe5 10. Bxe5 Qxe5+ 11. Ne2 e6 12. O-O-O Be7 13. h4 O-O 14. g4 a5 15. g5 a4 16. a3 Ra5 17. Bc2 Rd5 18. Rde1 Qd6 19. Qe4 g6 20. f4 e5 21. Rd1 c6 22. Rxd5 Qxd5 23. Qxd5 cxd5 24. fxe5 Bd7 1/2-1/2

[Event "SVK-ch Open 2018"]
[Site "Banska Stiavnica"]
[Date "2018.07.14"]
[Round "8"]
[White "Cech, Dominik"]
[Black "Ruckschloss, Karol"]
[Result "0-1"]
[ECO "B08"]
[WhiteElo "2151"]
[BlackElo "2245"]
[Annotator "NA"]
[PlyCount "66"]
[EventDate "2018.07.07"]
[EventType "swiss"]
[EventCountry "SVK"]
[SourceTitle "playchess.com"]
[Source "ChessBase"]
[SourceQuality "1"]
[TimeControl "40/5400+30:1800+30"]

1. e4 d6 2. d4 Nf6 3. Nc3 g6 4. Nf3 Bg7 5. Be2 c6 6. a4 O-O 7. O-O Qc7 $14 {[%emt 0:02:13] LiveBook: 339 Games} 8. Re1 e5 9. d5 cxd5 10. exd5 h6 11. Nd2 Nbd7 12. Nb5 Qb8 13. c4 a6 14. Nc3 a5 15. b3 Nc5 16. Ba3 b6 17. h3 Ne8 18. Ra2 f5 19. b4 axb4 20. Bxb4 Bd7 21. Qc2 Qd8 22. Rea1 e4 23. a5 bxa5 24. Rxa5 Rxa5 25. Rxa5 Qg5 26. Rxc5 dxc5 27. Bxc5 Rf7 28. Nb5 Kh7 29. Nf1 h5 30. Kh1 Bxb5 31. cxb5 Nf6 32. d6 f4 33. Bc4 Qxc5 0-1

[Event "SVK-ch Open 2018"]
[Site "Banska Stiavnica"]
[Date "2018.07.14"]
[Round "8"]
[White "Bango, Lukas"]
[Black "Chmiel, Marcin"]
[Result "0-1"]
[ECO "C51"]
[WhiteElo "2148"]
[BlackElo "2249"]
[Annotator "NA"]
[PlyCount "56"]
[EventDate "2018.07.07"]
[EventType "swiss"]
[EventCountry "SVK"]
[SourceTitle "playchess.com"]
[Source "ChessBase"]
[SourceQuality "1"]
[TimeControl "40/5400+30:1800+30"]

1. e4 e5 2. Nf3 Nc6 3. Bc4 Bc5 4. b4 Bxb4 5. c3 Be7 6. d4 Na5 7. Bd3 d6 8. dxe5 dxe5 9. Nxe5 Nf6 10. O-O O-O 11. h3 Nd7 12. Nxd7 Qxd7 13. Bc2 Qxd1 14. Rxd1 Be6 15. Bf4 c5 16. Na3 a6 17. Bc7 Nc6 18. Bb3 b5 19. Bxe6 fxe6 20. Rd7 Bf6 21. Rad1 Bxc3 22. Bd6 Rfc8 23. Bxc5 Ne5 24. Ra7 Rxa7 25. Bxa7 b4 26. Nc2 a5 27. Bd4 Rd8 28. Kf1 Nc6 0-1

[Event "SVK-ch Open 2018"]
[Site "Banska Stiavnica"]
[Date "2018.07.14"]
[Round "8"]
[White "Demeter, Peter"]
[Black "Molnar, Erno"]
[Result "1/2-1/2"]
[ECO "A20"]
[WhiteElo "2146"]
[BlackElo "2231"]
[Annotator "NA"]
[PlyCount "44"]
[EventDate "2018.07.07"]
[EventType "swiss"]
[EventCountry "SVK"]
[SourceTitle "playchess.com"]
[Source "ChessBase"]
[SourceQuality "1"]
[TimeControl "40/5400+30:1800+30"]

1. c4 e5 2. d3 Nc6 3. Nf3 g6 4. g3 Bg7 5. Bg2 d6 6. O-O f5 7. Nc3 Nf6 8. e4 O-O 9. h3 Kh8 10. exf5 gxf5 11. d4 e4 12. Nh4 d5 13. cxd5 Nxd5 14. Nxd5 Qxd5 15. Qh5 Qf7 16. Qxf7 Rxf7 17. d5 Nb4 18. Rd1 Nd3 19. Rb1 Bd7 20. Bf1 Bb5 21. Ng2 Rd8 22. Nf4 Rfd7 1/2-1/2

[Event "SVK-ch Open 2018"]
[Site "Banska Stiavnica"]
[Date "2018.07.14"]
[Round "8"]
[White "Zatko, Gregor"]
[Black "Stockova, Zuzana"]
[Result "1-0"]
[ECO "A45"]
[WhiteElo "2144"]
[BlackElo "2301"]
[Annotator "NA"]
[PlyCount "109"]
[EventDate "2018.07.07"]
[EventType "swiss"]
[EventCountry "SVK"]
[SourceTitle "playchess.com"]
[Source "ChessBase"]
[SourceQuality "1"]
[TimeControl "40/5400+30:1800+30"]

1. d4 Nf6 2. Bf4 e6 3. e3 c5 4. c3 b6 5. Nf3 Bb7 6. Bd3 Be7 {[%emt 0:02:58] LiveBook: 63 Games A47: 1 d4 Nf6 2 Nf3 b6: Torre, London and Colle Systems} 7. Qe2 (7. O-O O-O 8. h3 d5 9. Nbd2 Nbd7 10. Ne5 Rc8 11. Qf3 Nxe5 12. Bxe5 Nd7 13. Bh2 f5 14. Qe2 c4 15. Bc2 b5 16. a3 Qb6 17. Kh1 a5 18. f3 {0-1 (65) Nagle,S (2432)-Le,Q (2737) chess.com INT 2018}) 7... cxd4 8. exd4 d6 9. Nbd2 a6 10. O-O-O $146 ({Predecessor:} 10. h3 Nbd7 11. O-O-O b5 12. Kb1 Rc8 13. Ne4 Bxe4 14. Bxe4 Nxe4 15. Qxe4 Nf6 16. Qd3 {0-1 (46) Cordovil,J (2168)-Shkapenko,P (2418) Lisbon 2014}) 10... Nc6 11. Kb1 b5 12. Ne4 Na5 13. h4 h6 (13... Nxe4 $11 14. Bxe4 Bxe4+ 15. Qxe4 d5) 14. Nxf6+ gxf6 15. h5 Qb6 16. Rhe1 d5 17. Nh4 O-O-O 18. Nf5 Bf8 19. Qe3 Nc4 20. Bxc4 dxc4 21. Nxh6 Bxh6 22. Bxh6 Bxg2 23. Qf4 Qb7 24. Re3 f5 25. Bg5 Rdg8 26. h6 Be4+ 27. Ka1 Qc7 28. Qh4 Rg6 29. Bf4 Qd8 30. Qh5 Bd5 31. Rg3 Rxg3 32. fxg3 Qe7 33. Re1 Be4 34. Re2 Kb7 35. Rh2 Rh7 36. Be5 f6 37. Qh4 fxe5 38. Qxe7+ Rxe7 39. h7 Rxh7 40. Rxh7+ Kc6 41. dxe5 a5 42. Re7 Kd5 43. Rb7 Kxe5 44. Rxb5+ Kf6 45. b4 cxb3 46. axb3 Kg5 47. Re5 Kg4 48. Rxe6 Kxg3 49. Kb2 $18 Kf3 50. c4 f4 51. c5 Ke3 52. c6 f3 53. c7 f2 54. c8=Q f1=Q 55. Qc5+ 1-0

[Event "SVK-ch Open 2018"]
[Site "Banska Stiavnica"]
[Date "2018.07.14"]
[Round "8"]
[White "Horvath, Julia"]
[Black "Stanko, Ivan"]
[Result "1-0"]
[ECO "A50"]
[WhiteElo "2107"]
[BlackElo "1908"]
[Annotator "NA"]
[PlyCount "39"]
[EventDate "2018.07.07"]
[EventType "swiss"]
[EventCountry "SVK"]
[SourceTitle "playchess.com"]
[Source "ChessBase"]
[SourceQuality "1"]
[TimeControl "40/5400+30:1800+30"]

1. d4 Nf6 2. c4 Nc6 3. Nf3 e6 4. a3 a5 5. Nc3 d5 6. Bg5 Be7 7. e3 O-O 8. Bd3 h6 9. Bf4 Nh5 10. Bg3 Nxg3 11. hxg3 Bf6 12. Rc1 dxc4 13. Bxc4 e5 14. d5 Ne7 15. Ne4 Ng6 16. Qc2 Bd7 17. d6 c6 18. Nc5 b6 19. Nxd7 Qxd7 20. Qxg6 1-0

[Event "SVK-ch Open 2018"]
[Site "Banska Stiavnica"]
[Date "2018.07.14"]
[Round "8"]
[White "Brozyna, Mateusz"]
[Black "Posa, Norbert"]
[Result "1/2-1/2"]
[ECO "D02"]
[WhiteElo "2098"]
[BlackElo "2036"]
[Annotator "NA"]
[PlyCount "93"]
[EventDate "2018.07.07"]
[EventType "swiss"]
[EventCountry "SVK"]
[SourceTitle "playchess.com"]
[Source "ChessBase"]
[SourceQuality "1"]
[TimeControl "40/5400+30:1800+30"]

1. d4 d5 2. Nf3 Bf5 3. g3 c6 4. Bg2 h6 5. c4 e6 6. O-O Nf6 7. Nc3 Bd6 8. Qb3 Qb6 9. c5 Qxb3 10. axb3 Bc7 11. b4 Ne4 12. Nd2 Nxc3 13. bxc3 O-O 14. Bb2 Nd7 15. c4 a6 16. e4 dxe4 17. Nxe4 Rac8 18. Rfd1 Rfd8 19. Nc3 Nf6 20. d5 exd5 21. cxd5 cxd5 22. Nxd5 Nxd5 23. Bxd5 Bc2 24. Rdc1 Rxd5 25. Rxc2 Be5 26. Bxe5 Rxe5 27. Rd1 a5 28. bxa5 Rexc5 29. Rd8+ Rxd8 30. Rxc5 Rd7 31. Rc8+ Kh7 32. Kg2 Kg6 33. Rc5 Kf6 34. Kf3 Re7 35. Rd5 Re5 36. Rd6+ Ke7 37. Rb6 Rxa5 38. Rxb7+ Kf6 39. Rb6+ Ke7 40. h4 h5 41. Kg2 g6 42. f3 Ra4 43. Kh3 Ra3 44. f4 Ra5 45. Kg2 Ra2+ 46. Kf3 Ra3+ 47. Kf2 1/2-1/2

[Event "SVK-ch Open 2018"]
[Site "Banska Stiavnica"]
[Date "2018.07.14"]
[Round "8"]
[White "Kerdik, Adam"]
[Black "Bombek, Peter"]
[Result "0-1"]
[ECO "D35"]
[WhiteElo "2091"]
[BlackElo "2201"]
[Annotator "NA"]
[PlyCount "116"]
[EventDate "2018.07.07"]
[EventType "swiss"]
[EventCountry "SVK"]
[SourceTitle "playchess.com"]
[Source "ChessBase"]
[SourceQuality "1"]
[TimeControl "40/5400+30:1800+30"]

1. d4 d5 2. c4 e6 3. Nc3 Nf6 4. cxd5 exd5 5. Bg5 Be7 6. e3 c6 7. Bd3 Nbd7 8. Nge2 h6 9. Bh4 {[%emt 0:01:08] D35: Damengambit (Abtauschvariante)} Nh5 10. Bxe7 Qxe7 11. Qd2 Nb6 {[%emt 0:01:07] LiveBook: 6 Games} 12. O-O (12. f3 Bd7 13. O-O O-O 14. g4 Nf6 15. Ng3 Ne8 16. Rae1 {1-0 (43) Mamedyarov,S (2766)-Adams,M (2751) Sharjah 2017 CBM 177 [Hillarp Persson,T]}) 12... O-O 13. f3 f5 14. Rae1 Bd7 15. Nc1 $146 ({Vorgänger:} 15. Nf4 Nxf4 16. exf4 Qb4 {1-0 (30) David,A (2414)-Musat,A (2397) Baile Govora 2017}) 15... Rae8 16. Nb3 Nc8 17. Nc5 Nd6 18. Nxd7 Qxd7 19. Na4 Qe7 20. Re2 Qf6 21. Qb4 Re7 22. Rfe1 g6 23. Nc5 Rfe8 24. a4 Kh7 25. a5 a6 26. b3 Ng7 27. Bb1 Nb5 28. Bd3 Ne6 29. Bxb5 axb5 30. Nxe6 Rxe6 31. g3 h5 32. Kf2 Kg7 33. Qd2 h4 34. Rg1 hxg3+ 35. hxg3 Rh8 36. Ke1 Qe7 37. b4 Rh3 38. Kd1 Qg5 39. Qe1 Re8 40. Kd2 Qd8 41. Qc1 Qc7 42. f4 Qe7 43. Qc3 Reh8 44. g4 Rh2 45. g5 Rxe2+ 46. Kxe2 Rh2+ 47. Kd1 Qe4 48. Kc1 Qf3 49. Re1 Qf2 (49... Qg3 $142 50. a6 bxa6) 50. Rd1 Kf7 51. Rd2 Qe1+ 52. Kc2 {[%emt 0:00:05] [#]} Rh1 $19 53. Kb3 Rh3 54. Rd3 Qb1+ 55. Ka3 Rh1 56. Rd2 Re1 57. Rh2 Rd1 58. Rb2 Qa1+ 0-1

[Event "SVK-ch Open 2018"]
[Site "Banska Stiavnica"]
[Date "2018.07.14"]
[Round "8"]
[White "Pniaczek, Marek"]
[Black "Kostolansky, Sebastian Lukas"]
[Result "1-0"]
[ECO "A46"]
[WhiteElo "2082"]
[BlackElo "2197"]
[Annotator "NA"]
[PlyCount "115"]
[EventDate "2018.07.07"]
[EventType "swiss"]
[EventCountry "SVK"]
[SourceTitle "playchess.com"]
[Source "ChessBase"]
[SourceQuality "1"]
[TimeControl "40/5400+30:1800+30"]

1. d4 Nf6 2. Nf3 e6 3. c4 d5 4. g3 Bb4+ 5. Bd2 {[%emt 0:00:00] E01: Catalan: Early deviations} Bd6 (5... Be7 6. Bg2 O-O 7. O-O Nbd7 8. b4 c6 9. a4 Bd6 10. Qc2 e5 11. cxd5 cxd5 12. dxe5 Nxe5 13. Bc3 Re8 14. Nbd2 Nxf3+ 15. Bxf3 Bh3 {½-½ (58) So,W (2778)-Karjakin,S (2782) Stavanger 2018}) 6. Bg2 O-O 7. O-O Nbd7 8. Qc2 dxc4 9. Qxc4 Qe7 10. Nc3 a6 $146 ({Predecessor:} 10... e5 11. e3 Nb6 12. Qe2 e4 13. Ng5 Bg4 14. Qe1 Bf5 15. f3 exf3 16. Rxf3 {0-1 (34) Lin,Y (2325)-Xu,X (2461) Shenzhen 2016}) 11. a4 h6 12. e4 e5 13. dxe5 Nxe5 14. Nxe5 Bxe5 15. f4 Be6 16. Nd5 Bxd5 17. exd5 b5 18. axb5 axb5 19. Qxb5 Rab8 20. Qc4 Bxb2 21. Ra7 Ne8 22. Re1 Qf6 23. Kh1 Nd6 24. Qd3 Rfc8 25. g4 Ra8 26. Rxa8 Rxa8 27. g5 hxg5 28. fxg5 Qf2 29. Qe3 Qf5 30. Rf1 Qc2 31. Bb4 Re8 32. Qf3 Re7 33. h3 Be5 34. Qg4 Qg6 35. h4 f5 36. Qf3 Rf7 37. Bxd6 cxd6 38. Bh3 Qh7 39. h5 g6 40. hxg6 Qxg6 41. Bxf5 Qg7 42. Qh3 Qh8 43. Kg2 Qxh3+ 44. Kxh3 Rb7 45. Kg4 Kg7 46. Rc1 Rb4+ 47. Kh5 Rb7 $16 48. Rc8 Re7 49. Be6 Kh7 50. Rd8 Bf4 51. g6+ Kg7 52. Rg8+ Kf6 53. Rf8+ Ke5 54. Rf5+ Ke4 55. Rxf4+ Kxf4 56. Kh6 Kg3 57. g7 Kh4 58. g8=Q 1-0

[Event "SVK-ch Open 2018"]
[Site "Banska Stiavnica"]
[Date "2018.07.14"]
[Round "8"]
[White "Ferkova, Dominika"]
[Black "Kanakova, Natalie"]
[Result "1-0"]
[ECO "A40"]
[WhiteElo "2075"]
[BlackElo "2206"]
[Annotator "NA"]
[PlyCount "95"]
[EventDate "2018.07.07"]
[EventType "swiss"]
[EventCountry "SVK"]
[SourceTitle "playchess.com"]
[Source "ChessBase"]
[SourceQuality "1"]
[TimeControl "40/5400+30:1800+30"]

1. d4 d5 2. c4 e6 3. Nc3 Nf6 4. Nf3 c5 5. e3 Nc6 6. Bd3 dxc4 7. Bxc4 a6 8. O-O $11 {[%emt 0:03:23] LiveBook: 60 Games} b5 9. Bb3 Bb7 10. Qe2 Qc7 11. d5 exd5 12. Nxd5 Nxd5 13. Bxd5 Be7 14. e4 O-O 15. Be3 c4 16. Rac1 Nb4 17. Bxb7 Qxb7 18. b3 cxb3 19. Bf4 bxa2 20. Rc7 Qb6 21. Rxe7 Qf6 22. Bg5 Qc3 23. Bd2 Qb2 24. Qe1 Nc2 25. Bc3 Qa3 26. Qd2 Qxe7 27. Qxc2 Qe6 28. Qb2 f6 29. e5 fxe5 30. Bxe5 Ra7 31. h3 Re7 32. Bd4 Qc4 33. Rc1 Re2 34. Qa3 Rc2 35. Re1 b4 36. Qe3 Qf7 37. Ng5 Qf5 38. Qe7 Qg6 39. Re6 a1=Q+ 40. Bxa1 Rc1+ 41. Kh2 Rc7 42. Qxf8+ Kxf8 43. Rxg6 hxg6 44. Ne6+ Ke7 45. Nxc7 a5 46. Nd5+ Kd6 47. Nxb4 axb4 48. Bxg7 1-0

[Event "SVK-ch Open 2018"]
[Site "Banska Stiavnica"]
[Date "2018.07.14"]
[Round "8"]
[White "Volcko, Richard"]
[Black "Bochnicka, Vladimir"]
[Result "0-1"]
[ECO "B32"]
[WhiteElo "2068"]
[BlackElo "1974"]
[Annotator "NA"]
[PlyCount "56"]
[EventDate "2018.07.07"]
[EventType "swiss"]
[EventCountry "SVK"]
[SourceTitle "playchess.com"]
[Source "ChessBase"]
[SourceQuality "1"]
[TimeControl "40/5400+30:1800+30"]

1. e4 c5 2. Nf3 Nc6 3. d4 cxd4 4. Nxd4 Nf6 $11 {[%emt 0:00:00] LiveBook: 28336 Games} 5. Nc3 e5 6. Ndb5 d6 7. Nd5 Nxd5 8. exd5 Nb8 9. c4 a6 10. Nc3 Be7 11. Be2 O-O 12. O-O Nd7 13. Qc2 f5 14. f4 exf4 15. Bxf4 g5 16. Be3 Ne5 17. Rad1 f4 18. Bd4 g4 19. Bxe5 dxe5 20. Bd3 Bc5+ 21. Kh1 g3 22. Bxh7+ Kh8 23. hxg3 Rf6 24. Bg6 Qf8 25. Qe2 Rxg6 26. Qxe5+ Qg7 27. Qe8+ Kh7 28. Rxf4 Bg4 0-1

[Event "SVK-ch Open 2018"]
[Site "Banska Stiavnica"]
[Date "2018.07.14"]
[Round "8"]
[White "Tepper, Frantisek"]
[Black "Kuna, Martin"]
[Result "1/2-1/2"]
[ECO "B52"]
[WhiteElo "2050"]
[BlackElo "1947"]
[Annotator "NA"]
[PlyCount "33"]
[EventDate "2018.07.07"]
[EventType "swiss"]
[EventCountry "SVK"]
[SourceTitle "playchess.com"]
[Source "ChessBase"]
[SourceQuality "1"]
[TimeControl "40/5400+30:1800+30"]

1. e4 c5 2. Nf3 d6 3. Bb5+ Bd7 4. Bxd7+ Qxd7 5. O-O Nf6 6. Re1 e6 7. c3 Be7 8. d3 O-O 9. Nbd2 Nc6 10. Nf1 d5 11. e5 Ne8 12. d4 cxd4 13. cxd4 f6 14. Bf4 fxe5 15. Nxe5 Nxe5 16. Bxe5 Bf6 17. Rc1 1/2-1/2

[Event "SVK-ch Open 2018"]
[Site "Banska Stiavnica"]
[Date "2018.07.14"]
[Round "8"]
[White "Panko, Radoslav"]
[Black "Istok, Vojtech"]
[Result "0-1"]
[ECO "A45"]
[WhiteElo "2049"]
[BlackElo "1971"]
[Annotator "NA"]
[PlyCount "84"]
[EventDate "2018.07.07"]
[EventType "swiss"]
[EventCountry "SVK"]
[SourceTitle "playchess.com"]
[Source "ChessBase"]
[SourceQuality "1"]
[TimeControl "40/5400+30:1800+30"]

1. d4 Nf6 2. Bg5 Ne4 3. Bf4 d5 4. f3 Nf6 5. e4 dxe4 6. Nc3 exf3 7. Nxf3 Bf5 8. Bc4 e6 9. O-O c6 10. Ne5 Be7 11. g4 Bg6 12. h4 Nxg4 13. Nxg4 Bxh4 14. Ne5 Nd7 15. Nxg6 hxg6 16. Ne4 Be7 17. c3 Nb6 18. Bb3 Nd5 19. Qf3 Qd7 20. Bg3 f5 21. Nf2 O-O-O 22. Nd3 g5 23. Ne5 Qe8 24. Bxd5 Rxd5 25. Kg2 g4 26. Qd3 Rh3 27. Rxf5 Bh4 28. Raf1 Rd8 29. Rf7 Rxg3+ 30. Qxg3 Bxg3 31. Kxg3 Qh8 32. Nxg4 g5 33. Ne5 Qh4+ 34. Kg2 Qe4+ 35. Kg3 Qh4+ 36. Kg2 c5 37. Re7 Rh8 38. Rff7 Qh1+ 39. Kf2 Rh2+ 40. Ke3 Qe1+ 41. Kf3 Qe2+ 42. Kg3 Qg2# 0-1

[Event "SVK-ch Open 2018"]
[Site "Banska Stiavnica"]
[Date "2018.07.14"]
[Round "8"]
[White "Bednar, Jan"]
[Black "Marsina, Stefan"]
[Result "0-1"]
[ECO "C06"]
[WhiteElo "2010"]
[BlackElo "1907"]
[Annotator "NA"]
[PlyCount "86"]
[EventDate "2018.07.07"]
[EventType "swiss"]
[EventCountry "SVK"]
[SourceTitle "playchess.com"]
[Source "ChessBase"]
[SourceQuality "1"]
[TimeControl "40/5400+30:1800+30"]

1. e4 e6 2. d4 d5 3. Nd2 Nf6 4. e5 Nfd7 5. Bd3 c5 6. c3 Nc6 7. Ndf3 f6 8. exf6 Nxf6 9. Ne2 cxd4 10. cxd4 Bd6 11. O-O O-O 12. Bg5 Qc7 13. Nc3 Qf7 14. Bh4 Qh5 15. Nb5 Bb8 16. Bg3 Bxg3 17. fxg3 Ng4 18. Nh4 Rxf1+ 19. Bxf1 Qg5 20. Qc1 Qe7 21. Qd2 e5 22. h3 Nf6 23. Nf3 e4 24. Re1 a6 25. Nc3 Qc7 26. Ng5 b5 27. Rc1 Qxg3 28. Nxd5 Nxd5 29. Rxc6 e3 30. Qc2 Bd7 31. Qxh7+ Kf8 32. Qh8+ Ke7 33. Qxg7+ Kd8 34. Qf8+ Be8 35. Ne6+ Kd7 36. Rc2 Kxe6 37. Bd3 Qf4 38. Qg8+ Kd6 39. Qh8 Qf6 40. Qh7 Bf7 41. Qe4 Re8 42. Qg4 Rg8 43. Qe4 Bg6 0-1